Map: Catalyst LE

Players

Lillekanin

  • Race: Terran Terran
  • Spawn Location: 11:00

Clem - Winner!

  • Race: Terran Terran
  • Spawn Location: 5:00

Event: WCS Valencia 2018

VOD

Have the link to the VOD?

Description

Time

  • Played on: July 12, 2018, 9:53 a.m.
  • Length: 10:41

All games in this series

Show
View Real Time Build Order
Export as new Build Order

Lillekanin Terran 

Build Orders: Liberator Opening, Mech 

Get SALT Encoding   

  12  0:00  SCV  
  13  0:12  SCV  
  14  0:19  Supply Depot  
  14  0:24  SCV  
  15  0:29  Refinery  
  15  0:40  SCV  
  16  0:46  Barracks  
  16  0:53  SCV  
  17  1:05  SCV  
  18  1:17  SCV  
  20  1:33  Reaper, Orbital Command  
  20  1:48  Command Center  
  20  1:59  SCV  
  21  2:02  Factory  
  21  2:07  Barracks Reactor  
  21  2:11  SCV  
  22  2:17  Refinery  
  22  2:22  Supply Depot  
  22  2:24  SCV  
  23  2:43  SCV  
  24  2:52  Starport  
  24  2:54  Hellion  
  24  2:55  SCV  
  27  3:00  Orbital Command  
  27  3:04  Cyclone  
  30  3:09  SCV  
  31  3:19  Orbital Command  
  31  3:22  Cyclone  
  34  3:31  SCV  
  35  3:36  Marine  
  39  3:41  Cyclone  
  39  3:43  SCV  
  40  3:51  SCV  
  40  3:54  Marine  
  42  3:55  SCV  
  42  3:56  Liberator  
  42  3:58  Refinery  
  42  3:59  Supply Depot  
  43  4:03  SCV  
  43  4:07  SCV  
  44  4:12  Marine  
  46  4:21  SCV x2  
  48  4:25  Cyclone  
  51  4:33  SCV x2  
  51  4:37  Supply Depot  
  53  4:45  SCV  
  54  4:49  SCV  
  54  4:53  Cyclone  
  54  4:57  SCV  
  54  4:58  Cyclone  
  56  5:03  SCV  
  45  5:25  Cyclone  
  48  5:29  SCV x2  
  48  5:33  Cyclone  
  48  5:34  Refinery  
  50  5:41  SCV x2  
  52  5:42  Supply Depot  
  52  5:43  Supply Depot  
  52  5:53  SCV x2  
  52  5:54  Command Center  
  54  6:01  Starport Tech Lab  
  54  6:05  SCV x2  
  56  6:12  Factory  
  56  6:13  Factory  
  56  6:14  Cyclone  
  56  6:17  Cyclone, SCV x2  
  64  6:29  SCV x2  
  64  6:31  Armory  
  66  6:41  SCV x2  
  66  6:42  Engineering Bay  
  66  6:44  Raven  
  66  6:46  Hellion  
  72  6:49  Hellion  
  72  6:53  Supply Depot, SCV  
  75  6:55  Armory  
  75  6:57  Factory Tech Lab  
  75  6:58  Refinery  
  75  7:01  SCV  
  76  7:02  Refinery  
  76  7:04  Factory Tech Lab  
  76  7:06  Supply Depot  
  76  7:07  Supply Depot  
  76  7:08  SCV, Orbital Command  
  77  7:20  Missile Turret  
  77  7:21  Missile Turret, Siege Tank  
  80  7:23  SCV  
  80  7:27  Viking  
  80  7:28  Siege Tank  
  80  7:29  SCV  
  87  7:35  SCV  
  88  7:37  SCV  
  88  7:38  Terran Vehicle Weapons Level 1  
  89  7:46  Hellion x2  
  93  7:51  Hellion x2  
  93  7:52  SCV x3  
  93  7:54  Hellion  
  98  7:58  Viking  
  98  8:00  Siege Tank  
  98  8:04  SCV  
  103  8:15  Hellion x2  
  103  8:16  Siege Tank  
  108  8:26  SCV  
  109  8:31  SCV  
  109  8:38  Orbital Command  
  109  8:40  SCV  
  109  8:43  Hellion x2, SCV  
  108  8:53  SCV  
  108  8:54  Siege Tank  
  112  8:59  Factory  
  112  9:01  Factory  
  112  9:06  SCV x2  
  114  9:16  Starport  
  112  9:17  Supply Depot  
  112  9:18  Supply Depot x2, SCV  
  112  9:21  Refinery  
  113  9:25  Siege Tank, Refinery  
  113  9:26  Siege Tank  
  113  9:28  Hellion  
  121  9:33  Sensor Tower  
  121  9:36  SCV  
  122  9:41  Supply Depot  
  122  9:45  Missile Turret  
  119  9:57  Siege Tank  
  119  10:02  Hellion, Siege Tank  
  119  10:05  Factory Reactor, Factory Tech Lab  
  119  10:06  Supply Depot, Starport Reactor  
  121  10:13  Command Center  
  121  10:20  SCV  
  121  10:21  SCV, Sensor Tower  
  123  10:22  Missile Turret  
  123  10:24  Missile Turret  
  123  10:29  Missile Turret  
  123  10:31  Missile Turret  
Show
View Real Time Build Order
Export as new Build Order

Clem Terran - Winner!

Build Orders: Cyclone Opening, MMM Bio 

Get SALT Encoding   

  12  0:00  SCV  
  13  0:12  SCV  
  14  0:17  Supply Depot  
  14  0:24  SCV  
  15  0:29  Refinery  
  15  0:38  SCV  
  16  0:44  Barracks  
  16  0:50  SCV  
  16  0:55  Refinery  
  17  1:02  SCV  
  18  1:15  SCV  
  19  1:31  Reaper, Orbital Command  
  20  1:35  Factory  
  20  1:43  Supply Depot  
  20  1:57  SCV  
  21  2:03  Reaper  
  22  2:09  SCV  
  23  2:18  Cyclone  
  23  2:21  SCV  
  27  2:30  Command Center  
  27  2:34  SCV  
  28  2:39  Barracks Tech Lab  
  28  2:40  Barracks Reactor  
  28  2:43  Supply Depot  
  28  2:47  SCV  
  29  2:59  SCV  
  29  3:04  Cyclone  
  33  3:11  SCV  
  34  3:23  SCV  
  35  3:36  SCV  
  36  3:43  Orbital Command  
  36  3:44  Cyclone x2  
  36  3:48  SCV  
  43  3:54  Barracks Tech Lab  
  43  3:55  Starport  
  43  3:59  Supply Depot  
  43  4:00  SCV  
  44  4:11  SCV  
  44  4:12  SCV  
  46  4:23  SCV  
  47  4:24  SCV, Command Center  
  47  4:25  Marine x2  
  47  4:30  Factory Tech Lab  
  50  4:35  SCV  
  50  4:36  Supply Depot, SCV  
  50  4:38  Raven  
  53  4:47  SCV  
  53  4:48  SCV  
  53  4:50  Marine x2  
  56  4:58  Siege Tank  
  56  4:59  SCV  
  60  5:00  SCV  
  60  5:03  Barracks  
  60  5:04  Supply Depot, Barracks  
  58  5:08  Marine x2  
  58  5:11  SCV  
  58  5:12  SCV  
  51  5:23  SCV  
  51  5:24  SCV  
  51  5:26  Viking, Marine x2  
  54  5:35  SCV  
  54  5:37  SCV  
  54  5:38  Orbital Command  
  53  5:44  Refinery  
  53  5:46  Refinery  
  53  5:47  SCV  
  53  5:48  Marine x2  
  53  5:49  SCV  
  57  6:00  SCV  
  57  6:01  SCV  
  57  6:04  Barracks Tech Lab  
  59  6:06  Orbital Command  
  59  6:07  Marine x2  
  59  6:08  Stimpack  
  59  6:10  Marauder  
  63  6:12  SCV  
  63  6:13  SCV  
  63  6:15  Supply Depot  
  65  6:19  Starport Reactor  
  65  6:24  SCV  
  65  6:25  SCV, Marine x2, Marauder  
  69  6:29  Supply Depot  
  69  6:31  Supply Depot  
  69  6:32  Marauder  
  73  6:34  Siege Tank  
  73  6:36  SCV  
  73  6:37  SCV x2, Barracks  
  79  6:40  Barracks  
  79  6:41  Engineering Bay x2  
  79  6:43  Marine x2  
  79  6:45  Combat Shields  
  81  6:48  Marauder  
  81  6:49  SCV  
  84  6:54  Supply Depot  
  84  6:57  Marauder  
  84  7:00  SCV x2  
  84  7:01  SCV, Marine x2  
  89  7:03  Medivac  
  89  7:06  Medivac  
  89  7:07  Supply Depot  
  95  7:12  Supply Depot, Missile Turret  
  95  7:17  Siege Tank  
  95  7:19  Marine x2  
  95  7:21  SCV x2  
  102  7:23  Supply Depot  
  102  7:27  Barracks Tech Lab  
  101  7:30  Terran Infantry Weapons Level 1  
  101  7:33  Supply Depot, SCV x2, Barracks Reactor  
  101  7:34  SCV  
  104  7:38  Marauder  
  106  7:45  SCV, Marine x2  
  106  7:48  Terran Infantry Armor Level 1  
  106  7:50  SCV, Refinery  
  106  7:51  SCV, Refinery  
  111  7:53  Marauder  
  113  8:00  Marauder  
  113  8:01  SCV  
  113  8:03  Siege Tank  
  119  8:07  Marine x2  
  119  8:08  SCV  
  119  8:09  Marauder  
  124  8:13  Marine x2  
  124  8:14  Marauder  
  124  8:17  SCV  
  126  8:29  Armory, Marine x2  
  126  8:31  Marine x2, Marauder  
  126  8:33  Medivac  
  134  8:34  Medivac  
  134  8:38  SCV x2  
  134  8:39  SCV  
  134  8:44  Concussive Shells  
  134  8:45  Marine x2  
  134  8:47  Marine, Siege Tank  
  139  8:48  Marine  
  139  8:50  SCV x2  
  139  8:52  SCV, Marine x2  
  139  8:53  Marauder  
  147  8:57  Supply Depot  
  147  9:05  Medivac  
  147  9:08  Medivac  
  151  9:10  Marine x2  
  151  9:11  SCV  
  151  9:14  Command Center  
  154  9:17  Supply Depot  
  154  9:20  Supply Depot  
  154  9:25  Supply Depot x2  
  154  9:26  Marine, Marauder  
  157  9:33  Siege Tank  
  157  9:35  Medivac  
  157  9:36  Missile Turret  
  162  9:39  Marine x2  
  162  9:40  Marine x2  
  162  9:42  Medivac  
  168  9:46  Marauder  
  168  9:48  Marauder  
  169  10:01  Marine x2  
  169  10:02  Marine x2  
  169  10:03  Marauder  
  169  10:05  Medivac, Siege Tank  
  174  10:08  Marauder  
  176  10:17  Starport  
  176  10:24  SCV x2  
Tags
 
Add a new tag
Caveats
  • Supply blocks, unpowered buildings, or Contaminate may cause inaccurate times.
  • Supply counts are checked every 10 seconds.